cohdb
Replays
Latest Replays
All Replays
Popular Replays
Top Player Replays
Match Explorer
How It Works
Community
CoH3 Stats
Reddit
Sign in to upload your games and track your stats! →
Sign in with Steam
Match 46141706
Unlisted
Match 46141706
Overview
Messages
Build Orders
End
Selects Italian Combined Arms Battlegroup
Selects Bersaglieri Squad
Bersaglieri Squad
Kradschützen Motorcycle Team
Bersaglieri Squad
Construct Light Support Kompanie
Selects Bersaglieri Bolster
Bersaglieri Squad
Fire Support Elements
2.5-tonne Medical Truck
Veteran Squad Leaders
Pak 38 Mechanized Group
Combat Half-tracks
Selects Breda Model 30 Light Machine Guns
Construct Panzerarmee Kommand
Forward Retreat Point
Walking Stuka Rocket Launcher
2.5-tonne Medical Truck
Construct Mechanized Kompanie
Selects Semovente da 75/18 Assault Gun
Selects Strafing Run
Strafing Run
Selects Pact of Steel
254 Reconnaissance Tractor
哦嗦嘎达
bogdan
Ra11
밥똥콯
LLDK80
Quasi saur
Guastronzo ITA
HiddenJoker
0
0
Comments
sign in to comment!
No comments posted yet!